 Dungeon Crawl Stone Soup version 0.29-a0-322-g68df515428 (webtiles) character file.

Game seed: 647575532944646040

270 Murumi the Sneak (level 6, -4/35 HPs)
             Began as a Vampire Enchanter on Apr 9, 2022.
             Slain by a gnoll
             ... wielding a +0 halberd
              (8 damage)
             ... on level 3 of the Dungeon.
             The game lasted 00:10:51 (2650 turns).

Murumi the Sneak (Vampire Enchanter)                Turns: 2650, Time: 00:10:51

Health: -4/35      AC:  5    Str:  7    XL:     6   Next: 1%
Magic:  2/9        EV: 13    Int: 23    God:
Gold:   191        SH:  0    Dex: 17    Spells: 4/9 levels left

rFire   . . .      SeeInvis +   i - +4 dagger (pain)
rCold   + + .      Faith    .   (no shield)
rNeg    + + +      Spirit   .   b - +0 robe
rPois   ∞          Reflect  .   (no helmet)
rElec   .          Harm     .   (no cloak)
rCorr   +          Rampage  .   (no gloves)
Will    .....                   q - +0 pair of boots
Stlth   ++++++....              n - amulet of regeneration
HPRegen 0.00/turn               j - +6 ring of intelligence
MPRegen 0.11/turn               m - ring of resist corrosion

@: flying, bloodless, inhibited regen, hasted, very quick
A: bloodless, fangs 3, see invisible, vampiric 2, iridescent scales 1,
MP-powered wands
a: Bat Form, Revivify


You were on level 3 of the Dungeon.
You visited 1 branch of the dungeon, and saw 3 of its levels.

You collected 191 gold pieces.

Inventory:

Hand Weapons
 i - a +4 dagger of pain (weapon)
Armour
 b - a +0 robe (worn)
 q - a +0 pair of boots (worn)
Jewellery
 j - a +6 ring of intelligence (left hand)
 m - a ring of resist corrosion (right hand)
 n - an amulet of regeneration (around neck)
Scrolls
 g - 2 scrolls of blinking
 o - a scroll of teleportation
Potions
 a - a potion of flight
 d - a potion of curing {unknown}
 e - a potion of berserk rage {unknown}
 f - a potion of lignification
 h - a potion of brilliance {unknown}
 k - a potion of might {unknown}
 l - a potion of mutation
 p - a potion of resistance {unknown}


   Skills:
 - Level 2.0 Fighting
 - Level 3.0 Short Blades
 - Level 1.0 Armour
 - Level 3.0 Dodging
 - Level 7.0 Stealth
 - Level 2.0 Spellcasting
 + Level 5.2 Hexes
 - Level 1.0 Ice Magic


You had 4 spell levels left.
You knew the following spells:

 Your Spells              Type           Power      Damage    Failure   Level
a - Ensorcelled Hibernat  Hex/Ice        32%        N/A       5%          2
b - Confusing Touch       Hex            26%        N/A       4%          3

Your spell library contained the following spells:

 Spells                   Type           Power      Damage    Failure   Level
 Tukima's Dance           Hex            26%        N/A       4%          3
 Dazzling Flash           Conj/Hex       28%        N/A       13%         3


Dungeon Overview and Level Annotations

Branches:
Dungeon (3/15)

Altars:
Uskayaw


Innate Abilities, Weirdness & Mutations

You do not regenerate when monsters are visible.
You are frail without blood (-20% HP).
You can heal yourself when you bite living creatures.
You are immune to poison.
You have razor-sharp teeth.
You have supernaturally acute eyesight. (SInv)
You are afflicted with vampirism and can become a bat while bloodless.
You are partially covered in iridescent scales. (AC +2)
You expend magic power (3 MP) to strengthen your wands.


Message History

The helpless gnoll fails to defend itself.
You bite the gnoll, and draw its blood! You perforate the gnoll like a sieve!!!
You kill the gnoll!
Training target 7.0 for Stealth reached!
Your Stealth skill increases to level 7!
You need to enable at least one skill for training.
The gnoll looks drowsy...
The gnoll hits you from afar with a +0 halberd.
The helpless gnoll fails to defend itself.
You bite the gnoll, and draw its blood!
You feel better.
You spit the gnoll like a pig!!!
You kill the gnoll!
The gnoll hits you from afar with a +0 halberd!
You have reached level 6!
The gnoll hits you with a +0 halberd.
Things that are here:
a +0 dagger; a kobold corpse You are too injured to fight recklessly!
You are too injured to fight recklessly!
Casting: Ensorcelled Hibernation (safe; 5% risk of failure)
Confirm with . or Enter, or press ? or * to list all spells.
Aiming: Ensorcelled Hibernation (safe; 5% risk of failure)
Press: ? - help, Shift-Dir - straight line, f - gnoll
Aim: a gnoll, wielding a +0 halberd (chance to affect: 58%)
The gnoll resists with significant effort.
The gnoll hits you with a +0 halberd!
* * * LOW HITPOINT WARNING * * *
Okay, then.
It was a potion of flight.
You feel very buoyant.
You fly up into the air.
The gnoll misses you.
It was a potion of lignification.
You feel woody for a moment. The gnoll barely misses you.
It was a potion of mutation.
You feel extremely strange.
You feel your magical essence link to the dungeon's wands.
Iridescent scales grow over part of your body.
The gnoll barely misses you.
It was a potion of haste.
You feel yourself speed up. The gnoll hits you with a +0 halberd!
You die...

#######.#............#..#
.........#.........#....#
##########.<.........##.#
##.......#.###.#
##.....##.# #>#
##...###.# ..#
#######.#.###
##########....#
........@gS#..#
##########....# .....#
.......# ........#
.g.......# .....S...#
.....## .#


You could see a gnoll and a ball python.

Vanquished Creatures
  An ogre (D:3)
  An orc priest (D:3)
  An orc wizard (D:3)
  3 gnolls (D:3)
  3 adders
  A worm (D:3)
  An orc (D:3)
  7 bats
  6 endoplasms
  4 giant cockroaches
  5 goblins
  8 hobgoblins
  3 jackals (D:1)
  4 quokkas
  8 ball pythons
  6 frilled lizards
  7 kobolds
  6 rats
75 creatures vanquished.

Notes
Turn   | Place    | Note
-------+----------+-------------------------------------------
     0 | D:1      | Murumi the Vampire Enchanter began the quest for the Orb.
     0 | D:1      | Reached XP level 1. HP: 13/13 MP: 3/3
   110 | D:1      | Reached skill level 5 in Stealth
   138 | D:1      | Reached XP level 2. HP: 9/15 MP: 5/5
   144 | D:1      | Learned a level 2 spell: Ensorcelled Hibernation
   492 | D:1      | Reached skill level 5 in Hexes
   866 | D:1      | Gained mutation: You are afflicted with vampirism and can
                  | become a bat while bloodless. [Vampire growth]
   866 | D:1      | Reached XP level 3. HP: 19/19 MP: 3/6
   920 | D:1      | Learned a level 3 spell: Confusing Touch
  1066 | D:1      | Found a faded altar of an unknown god.
  1417 | D:2      | Found a hide-covered altar of Uskayaw.
  1449 | D:2      | Reached skill level 1 in Fighting
  1712 | D:2      | Found the +3 robe of Clouds {*Thunder rCloud rElec}
  1848 | D:2      | Reached skill level 1 in Ice Magic
  1899 | D:2      | Reached XP level 4. HP: 25/25 MP: 0/7
  2231 | D:3      | Reached skill level 6 in Stealth
  2231 | D:3      | Reached XP level 5. HP: 5/30 MP: 1/8
  2383 | D:3      | Noticed an ogre
  2392 | D:3      | Killed an ogre
  2393 | D:3      | Reached skill level 1 in Armour
  2642 | D:3      | Reached skill level 7 in Stealth
  2644 | D:3      | Reached XP level 6. HP: 20/35 MP: 3/9
  2649 | D:3      | Gained mutation: You expend magic power (3 MP) to
                  | strengthen your wands. [potion of mutation]
  2649 | D:3      | Gained mutation: You are partially covered in iridescent
                  | scales. (AC +2) [potion of mutation]
  2650 | D:3      | Slain by a gnoll

Illustrated notes

Levels and vault maps discovered:
D:1:      minmay_arrival_stair_chambers, layout_basic, basic_ecumenical_altar
D:2:      layout_rooms, basic_altar, minmay_split_cup_large
D:3:      layout_loops_ring, grunt_decor_junction

Skill      XL: |  1  2  3  4  5 |
---------------+----------------+-----
Stealth        | 5 6 7 |  7.0
Short Blades   | 2 3 |  3.0
Hexes          | 5 |  5.2
Dodging        | 3 |  3.0
Fighting       | 1 2 |  2.0
Ice Magic      | 1 |  1.0
Armour         | 1 |  1.0
Spellcasting   | |  2.0

Action                   |  1- 3 |  4- 6 || total
-------------------------+-------+-------++-------
Melee: Dagger            |   115 |    31 ||   146
       Bite              |     7 |     1 ||     8
 Cast: Ensorcelled Hiber |    27 |    14 ||    41
 Abil: Exsanguinate      |     1 |       ||     1
  Use: Potion            |     1 |     5 ||     6
       Scroll            |     6 |     2 ||     8
 Stab: Sleeping          |    32 |    15 ||    47
       Invisible         |     1 |       ||     1
Armor: Robe              |    14 |     2 ||    16
Dodge: Dodged            |    77 |    18 ||    95

Table legend: (Time is in decaauts)
 A = Elapsed time spent in this place.
 B = Non-inter-level travel time spent in this place.
 C = Inter-level travel time spent in this place.
 D = Time resting spent in this place.
 E = Time spent auto-exploring this place.
 F = Levels seen in this place.
 G = Mean time per level.
                   A        B        C        D        E       F      G
               +--------+--------+--------+--------+--------+-----+--------+
         Total |   2638 |   2493 |    145 |     92 |   1845 |   3 |  879.3 |
       Dungeon |   2638 |   2493 |    145 |     92 |   1845 |   3 |  879.3 |
               +--------+--------+--------+--------+--------+-----+--------+

Top non-repeatable levels by time:
     D:1: 1464 daAuts
     D:2: 631 daAuts
     D:3: 542 daAuts
